%YAML 1.1
%TAG !u! tag:unity3d.com,2011:
--- !u!1 &3809610238688528125
GameObject:
  m_ObjectHideFlags: 0
  m_CorrespondingSourceObject: {fileID: 0}
  m_PrefabInstance: {fileID: 0}
  m_PrefabAsset: {fileID: 0}
  serializedVersion: 6
  m_Component:
  - component: {fileID: 5698054592041297025}
  m_Layer: 0
  m_Name: Porte_Epices
  m_TagString: Untagged
  m_Icon: {fileID: 0}
  m_NavMeshLayer: 0
  m_StaticEditorFlags: 0
  m_IsActive: 1
--- !u!4 &5698054592041297025
Transform:
  m_ObjectHideFlags: 0
  m_CorrespondingSourceObject: {fileID: 0}
  m_PrefabInstance: {fileID: 0}
  m_PrefabAsset: {fileID: 0}
  m_GameObject: {fileID: 3809610238688528125}
  m_LocalRotation: {x: 0, y: 0, z: 0, w: 1}
  m_LocalPosition: {x: 0, y: 0, z: 0}
  m_LocalScale: {x: 1, y: 1, z: 1}
  m_Children:
  - {fileID: 4520433511134729324}
  - {fileID: 2566643931124818139}
  - {fileID: 4846296663328945603}
  - {fileID: 3655737375379449945}
  - {fileID: 1037249894823636618}
  - {fileID: 2705194850661088856}
  - {fileID: 2490386064223650838}
  - {fileID: 152768797073674552}
  - {fileID: 6187602277378019679}
  - {fileID: 6793649103942287626}
  - {fileID: 5080069909747424898}
  - {fileID: 3990401920584532484}
  m_Father: {fileID: 0}
  m_RootOrder: 0
  m_LocalEulerAnglesHint: {x: 0, y: 0, z: 0}
--- !u!1001 &401954049842902739
PrefabInstance:
  m_ObjectHideFlags: 0
  serializedVersion: 2
  m_Modification:
    m_TransformParent: {fileID: 5698054592041297025}
    m_Modifications:
    - target: {fileID: -8679921383154817045, guid: 1c211afe4b8992948888090ce54bfa81,
        type: 3}
      propertyPath: m_LocalPosition.x
      value: 1.7835
      objectReference: {fileID: 0}
    - target: {fileID: -8679921383154817045, guid: 1c211afe4b8992948888090ce54bfa81,
        type: 3}
      propertyPath: m_LocalPosition.y
      value: -4.5698
      objectReference: {fileID: 0}
    - target: {fileID: -8679921383154817045, guid: 1c211afe4b8992948888090ce54bfa81,
        type: 3}
      propertyPath: m_LocalPosition.z
      value: 3.9885
      objectReference: {fileID: 0}
    - target: {fileID: -8679921383154817045, guid: 1c211afe4b8992948888090ce54bfa81,
        type: 3}
      propertyPath: m_LocalRotation.x
      value: -0
      objectReference: {fileID: 0}
    - target: {fileID: -8679921383154817045, guid: 1c211afe4b8992948888090ce54bfa81,
        type: 3}
      propertyPath: m_LocalRotation.y
      value: 0.66083336
      objectReference: {fileID: 0}
    - target: {fileID: -8679921383154817045, guid: 1c211afe4b8992948888090ce54bfa81,
        type: 3}
      propertyPath: m_LocalRotation.z
      value: -0
      objectReference: {fileID: 0}
    - target: {fileID: -8679921383154817045, guid: 1c211afe4b8992948888090ce54bfa81,
        type: 3}
      propertyPath: m_LocalRotation.w
      value: 0.75053275
      objectReference: {fileID: 0}
    - target: {fileID: -8679921383154817045, guid: 1c211afe4b8992948888090ce54bfa81,
        type: 3}
      propertyPath: m_RootOrder
      value: 7
      objectReference: {fileID: 0}
    - target: {fileID: -8679921383154817045, guid: 1c211afe4b8992948888090ce54bfa81,
        type: 3}
      propertyPath: m_LocalEulerAnglesHint.x
      value: 0
      objectReference: {fileID: 0}
    - target: {fileID: -8679921383154817045, guid: 1c211afe4b8992948888090ce54bfa81,
        type: 3}
      propertyPath: m_LocalEulerAnglesHint.y
      value: 82.727005
      objectReference: {fileID: 0}
    - target: {fileID: -8679921383154817045, guid: 1c211afe4b8992948888090ce54bfa81,
        type: 3}
      propertyPath: m_LocalEulerAnglesHint.z
      value: 0
      objectReference: {fileID: 0}
    - target: {fileID: -7511558181221131132, guid: 1c211afe4b8992948888090ce54bfa81,
        type: 3}
      propertyPath: m_Materials.Array.data[0]
      value: 
      objectReference: {fileID: 2100000, guid: b5320c6a70e4cef4a87a502081d9f7fd, type: 2}
    - target: {fileID: 919132149155446097, guid: 1c211afe4b8992948888090ce54bfa81,
        type: 3}
      propertyPath: m_Name
      value: Epices (6)
      objectReference: {fileID: 0}
    m_RemovedComponents: []
  m_SourcePrefab: {fileID: 100100000, guid: 1c211afe4b8992948888090ce54bfa81, type: 3}
--- !u!4 &152768797073674552 stripped
Transform:
  m_CorrespondingSourceObject: {fileID: -8679921383154817045, guid: 1c211afe4b8992948888090ce54bfa81,
    type: 3}
  m_PrefabInstance: {fileID: 401954049842902739}
  m_PrefabAsset: {fileID: 0}
--- !u!1001 &715989009175365985
PrefabInstance:
  m_ObjectHideFlags: 0
  serializedVersion: 2
  m_Modification:
    m_TransformParent: {fileID: 5698054592041297025}
    m_Modifications:
    - target: {fileID: -8679921383154817045, guid: 1c211afe4b8992948888090ce54bfa81,
        type: 3}
      propertyPath: m_LocalPosition.x
      value: 1.8838999
      objectReference: {fileID: 0}
    - target: {fileID: -8679921383154817045, guid: 1c211afe4b8992948888090ce54bfa81,
        type: 3}
      propertyPath: m_LocalPosition.y
      value: -3.9192
      objectReference: {fileID: 0}
    - target: {fileID: -8679921383154817045, guid: 1c211afe4b8992948888090ce54bfa81,
        type: 3}
      propertyPath: m_LocalPosition.z
      value: 4.0262
      objectReference: {fileID: 0}
    - target: {fileID: -8679921383154817045, guid: 1c211afe4b8992948888090ce54bfa81,
        type: 3}
      propertyPath: m_LocalRotation.x
      value: -0
      objectReference: {fileID: 0}
    - target: {fileID: -8679921383154817045, guid: 1c211afe4b8992948888090ce54bfa81,
        type: 3}
      propertyPath: m_LocalRotation.y
      value: 0.5110713
      objectReference: {fileID: 0}
    - target: {fileID: -8679921383154817045, guid: 1c211afe4b8992948888090ce54bfa81,
        type: 3}
      propertyPath: m_LocalRotation.z
      value: -0
      objectReference: {fileID: 0}
    - target: {fileID: -8679921383154817045, guid: 1c211afe4b8992948888090ce54bfa81,
        type: 3}
      propertyPath: m_LocalRotation.w
      value: 0.8595384
      objectReference: {fileID: 0}
    - target: {fileID: -8679921383154817045, guid: 1c211afe4b8992948888090ce54bfa81,
        type: 3}
      propertyPath: m_RootOrder
      value: 4
      objectReference: {fileID: 0}
    - target: {fileID: -8679921383154817045, guid: 1c211afe4b8992948888090ce54bfa81,
        type: 3}
      propertyPath: m_LocalEulerAnglesHint.x
      value: 0
      objectReference: {fileID: 0}
    - target: {fileID: -8679921383154817045, guid: 1c211afe4b8992948888090ce54bfa81,
        type: 3}
      propertyPath: m_LocalEulerAnglesHint.y
      value: 61.47
      objectReference: {fileID: 0}
    - target: {fileID: -8679921383154817045, guid: 1c211afe4b8992948888090ce54bfa81,
        type: 3}
      propertyPath: m_LocalEulerAnglesHint.z
      value: 0
      objectReference: {fileID: 0}
    - target: {fileID: -7511558181221131132, guid: 1c211afe4b8992948888090ce54bfa81,
        type: 3}
      propertyPath: m_Materials.Array.data[0]
      value: 
      objectReference: {fileID: 2100000, guid: b5320c6a70e4cef4a87a502081d9f7fd, type: 2}
    - target: {fileID: 919132149155446097, guid: 1c211afe4b8992948888090ce54bfa81,
        type: 3}
      propertyPath: m_Name
      value: Epices (3)
      objectReference: {fileID: 0}
    m_RemovedComponents: []
  m_SourcePrefab: {fileID: 100100000, guid: 1c211afe4b8992948888090ce54bfa81, type: 3}
--- !u!4 &1037249894823636618 stripped
Transform:
  m_CorrespondingSourceObject: {fileID: -8679921383154817045, guid: 1c211afe4b8992948888090ce54bfa81,
    type: 3}
  m_PrefabInstance: {fileID: 715989009175365985}
  m_PrefabAsset: {fileID: 0}
--- !u!1001 &2450082576176765363
PrefabInstance:
  m_ObjectHideFlags: 0
  serializedVersion: 2
  m_Modification:
    m_TransformParent: {fileID: 5698054592041297025}
    m_Modifications:
    - target: {fileID: -8679921383154817045, guid: 1c211afe4b8992948888090ce54bfa81,
        type: 3}
      propertyPath: m_LocalPosition.x
      value: 1.6796999
      objectReference: {fileID: 0}
    - target: {fileID: -8679921383154817045, guid: 1c211afe4b8992948888090ce54bfa81,
        type: 3}
      propertyPath: m_LocalPosition.y
      value: -3.5929997
      objectReference: {fileID: 0}
    - target: {fileID: -8679921383154817045, guid: 1c211afe4b8992948888090ce54bfa81,
        type: 3}
      propertyPath: m_LocalPosition.z
      value: 3.9572
      objectReference: {fileID: 0}
    - target: {fileID: -8679921383154817045, guid: 1c211afe4b8992948888090ce54bfa81,
        type: 3}
      propertyPath: m_LocalRotation.x
      value: -0
      objectReference: {fileID: 0}
    - target: {fileID: -8679921383154817045, guid: 1c211afe4b8992948888090ce54bfa81,
        type: 3}
      propertyPath: m_LocalRotation.y
      value: 0.54016924
      objectReference: {fileID: 0}
    - target: {fileID: -8679921383154817045, guid: 1c211afe4b8992948888090ce54bfa81,
        type: 3}
      propertyPath: m_LocalRotation.z
      value: -0
      objectReference: {fileID: 0}
    - target: {fileID: -8679921383154817045, guid: 1c211afe4b8992948888090ce54bfa81,
        type: 3}
      propertyPath: m_LocalRotation.w
      value: 0.84155643
      objectReference: {fileID: 0}
    - target: {fileID: -8679921383154817045, guid: 1c211afe4b8992948888090ce54bfa81,
        type: 3}
      propertyPath: m_RootOrder
      value: 5
      objectReference: {fileID: 0}
    - target: {fileID: -8679921383154817045, guid: 1c211afe4b8992948888090ce54bfa81,
        type: 3}
      propertyPath: m_LocalEulerAnglesHint.x
      value: 0
      objectReference: {fileID: 0}
    - target: {fileID: -8679921383154817045, guid: 1c211afe4b8992948888090ce54bfa81,
        type: 3}
      propertyPath: m_LocalEulerAnglesHint.y
      value: 65.39
      objectReference: {fileID: 0}
    - target: {fileID: -8679921383154817045, guid: 1c211afe4b8992948888090ce54bfa81,
        type: 3}
      propertyPath: m_LocalEulerAnglesHint.z
      value: 0
      objectReference: {fileID: 0}
    - target: {fileID: -7511558181221131132, guid: 1c211afe4b8992948888090ce54bfa81,
        type: 3}
      propertyPath: m_Materials.Array.data[0]
      value: 
      objectReference: {fileID: 2100000, guid: c5cd5a97e19e9dd42bf7f04803ccc19c, type: 2}
    - target: {fileID: 919132149155446097, guid: 1c211afe4b8992948888090ce54bfa81,
        type: 3}
      propertyPath: m_Name
      value: Epices (4)
      objectReference: {fileID: 0}
    m_RemovedComponents: []
  m_SourcePrefab: {fileID: 100100000, guid: 1c211afe4b8992948888090ce54bfa81, type: 3}
--- !u!4 &2705194850661088856 stripped
Transform:
  m_CorrespondingSourceObject: {fileID: -8679921383154817045, guid: 1c211afe4b8992948888090ce54bfa81,
    type: 3}
  m_PrefabInstance: {fileID: 2450082576176765363}
  m_PrefabAsset: {fileID: 0}
--- !u!1001 &2599760557672630064
PrefabInstance:
  m_ObjectHideFlags: 0
  serializedVersion: 2
  m_Modification:
    m_TransformParent: {fileID: 5698054592041297025}
    m_Modifications:
    - target: {fileID: -8679921383154817045, guid: 1c211afe4b8992948888090ce54bfa81,
        type: 3}
      propertyPath: m_LocalPosition.x
      value: 1.6772997
      objectReference: {fileID: 0}
    - target: {fileID: -8679921383154817045, guid: 1c211afe4b8992948888090ce54bfa81,
        type: 3}
      propertyPath: m_LocalPosition.y
      value: -4.2461
      objectReference: {fileID: 0}
    - target: {fileID: -8679921383154817045, guid: 1c211afe4b8992948888090ce54bfa81,
        type: 3}
      propertyPath: m_LocalPosition.z
      value: 3.9601998
      objectReference: {fileID: 0}
    - target: {fileID: -8679921383154817045, guid: 1c211afe4b8992948888090ce54bfa81,
        type: 3}
      propertyPath: m_LocalRotation.x
      value: -0
      objectReference: {fileID: 0}
    - target: {fileID: -8679921383154817045, guid: 1c211afe4b8992948888090ce54bfa81,
        type: 3}
      propertyPath: m_LocalRotation.y
      value: 0.505261
      objectReference: {fileID: 0}
    - target: {fileID: -8679921383154817045, guid: 1c211afe4b8992948888090ce54bfa81,
        type: 3}
      propertyPath: m_LocalRotation.z
      value: -0
      objectReference: {fileID: 0}
    - target: {fileID: -8679921383154817045, guid: 1c211afe4b8992948888090ce54bfa81,
        type: 3}
      propertyPath: m_LocalRotation.w
      value: 0.8629666
      objectReference: {fileID: 0}
    - target: {fileID: -8679921383154817045, guid: 1c211afe4b8992948888090ce54bfa81,
        type: 3}
      propertyPath: m_RootOrder
      value: 1
      objectReference: {fileID: 0}
    - target: {fileID: -8679921383154817045, guid: 1c211afe4b8992948888090ce54bfa81,
        type: 3}
      propertyPath: m_LocalEulerAnglesHint.x
      value: 0
      objectReference: {fileID: 0}
    - target: {fileID: -8679921383154817045, guid: 1c211afe4b8992948888090ce54bfa81,
        type: 3}
      propertyPath: m_LocalEulerAnglesHint.y
      value: 60.697002
      objectReference: {fileID: 0}
    - target: {fileID: -8679921383154817045, guid: 1c211afe4b8992948888090ce54bfa81,
        type: 3}
      propertyPath: m_LocalEulerAnglesHint.z
      value: 0
      objectReference: {fileID: 0}
    - target: {fileID: -7511558181221131132, guid: 1c211afe4b8992948888090ce54bfa81,
        type: 3}
      propertyPath: m_Materials.Array.data[0]
      value: 
      objectReference: {fileID: 2100000, guid: c5cd5a97e19e9dd42bf7f04803ccc19c, type: 2}
    - target: {fileID: 919132149155446097, guid: 1c211afe4b8992948888090ce54bfa81,
        type: 3}
      propertyPath: m_Name
      value: Epices
      objectReference: {fileID: 0}
    m_RemovedComponents: []
  m_SourcePrefab: {fileID: 100100000, guid: 1c211afe4b8992948888090ce54bfa81, type: 3}
--- !u!4 &2566643931124818139 stripped
Transform:
  m_CorrespondingSourceObject: {fileID: -8679921383154817045, guid: 1c211afe4b8992948888090ce54bfa81,
    type: 3}
  m_PrefabInstance: {fileID: 2599760557672630064}
  m_PrefabAsset: {fileID: 0}
--- !u!1001 &2667566474396115965
PrefabInstance:
  m_ObjectHideFlags: 0
  serializedVersion: 2
  m_Modification:
    m_TransformParent: {fileID: 5698054592041297025}
    m_Modifications:
    - target: {fileID: -8679921383154817045, guid: 1c211afe4b8992948888090ce54bfa81,
        type: 3}
      propertyPath: m_LocalPosition.x
      value: 1.7799999
      objectReference: {fileID: 0}
    - target: {fileID: -8679921383154817045, guid: 1c211afe4b8992948888090ce54bfa81,
        type: 3}
      propertyPath: m_LocalPosition.y
      value: -3.5929997
      objectReference: {fileID: 0}
    - target: {fileID: -8679921383154817045, guid: 1c211afe4b8992948888090ce54bfa81,
        type: 3}
      propertyPath: m_LocalPosition.z
      value: 3.9866998
      objectReference: {fileID: 0}
    - target: {fileID: -8679921383154817045, guid: 1c211afe4b8992948888090ce54bfa81,
        type: 3}
      propertyPath: m_LocalRotation.x
      value: -0
      objectReference: {fileID: 0}
    - target: {fileID: -8679921383154817045, guid: 1c211afe4b8992948888090ce54bfa81,
        type: 3}
      propertyPath: m_LocalRotation.y
      value: 0.5648739
      objectReference: {fileID: 0}
    - target: {fileID: -8679921383154817045, guid: 1c211afe4b8992948888090ce54bfa81,
        type: 3}
      propertyPath: m_LocalRotation.z
      value: -0
      objectReference: {fileID: 0}
    - target: {fileID: -8679921383154817045, guid: 1c211afe4b8992948888090ce54bfa81,
        type: 3}
      propertyPath: m_LocalRotation.w
      value: 0.8251773
      objectReference: {fileID: 0}
    - target: {fileID: -8679921383154817045, guid: 1c211afe4b8992948888090ce54bfa81,
        type: 3}
      propertyPath: m_RootOrder
      value: 6
      objectReference: {fileID: 0}
    - target: {fileID: -8679921383154817045, guid: 1c211afe4b8992948888090ce54bfa81,
        type: 3}
      propertyPath: m_LocalEulerAnglesHint.x
      value: 0
      objectReference: {fileID: 0}
    - target: {fileID: -8679921383154817045, guid: 1c211afe4b8992948888090ce54bfa81,
        type: 3}
      propertyPath: m_LocalEulerAnglesHint.y
      value: 68.787
      objectReference: {fileID: 0}
    - target: {fileID: -8679921383154817045, guid: 1c211afe4b8992948888090ce54bfa81,
        type: 3}
      propertyPath: m_LocalEulerAnglesHint.z
      value: 0
      objectReference: {fileID: 0}
    - target: {fileID: -7511558181221131132, guid: 1c211afe4b8992948888090ce54bfa81,
        type: 3}
      propertyPath: m_Materials.Array.data[0]
      value: 
      objectReference: {fileID: 2100000, guid: b8ddaa75a961fc0488e4e04f0eef4d25, type: 2}
    - target: {fileID: 919132149155446097, guid: 1c211afe4b8992948888090ce54bfa81,
        type: 3}
      propertyPath: m_Name
      value: Epices (5)
      objectReference: {fileID: 0}
    m_RemovedComponents: []
  m_SourcePrefab: {fileID: 100100000, guid: 1c211afe4b8992948888090ce54bfa81, type: 3}
--- !u!4 &2490386064223650838 stripped
Transform:
  m_CorrespondingSourceObject: {fileID: -8679921383154817045, guid: 1c211afe4b8992948888090ce54bfa81,
    type: 3}
  m_PrefabInstance: {fileID: 2667566474396115965}
  m_PrefabAsset: {fileID: 0}
--- !u!1001 &3524761715290351087
PrefabInstance:
  m_ObjectHideFlags: 0
  serializedVersion: 2
  m_Modification:
    m_TransformParent: {fileID: 5698054592041297025}
    m_Modifications:
    - target: {fileID: -8679921383154817045, guid: 1c211afe4b8992948888090ce54bfa81,
        type: 3}
      propertyPath: m_LocalPosition.x
      value: 1.8996
      objectReference: {fileID: 0}
    - target: {fileID: -8679921383154817045, guid: 1c211afe4b8992948888090ce54bfa81,
        type: 3}
      propertyPath: m_LocalPosition.y
      value: -4.8364
      objectReference: {fileID: 0}
    - target: {fileID: -8679921383154817045, guid: 1c211afe4b8992948888090ce54bfa81,
        type: 3}
      propertyPath: m_LocalPosition.z
      value: 4.0485
      objectReference: {fileID: 0}
    - target: {fileID: -8679921383154817045, guid: 1c211afe4b8992948888090ce54bfa81,
        type: 3}
      propertyPath: m_LocalRotation.x
      value: -0.44447315
      objectReference: {fileID: 0}
    - target: {fileID: -8679921383154817045, guid: 1c211afe4b8992948888090ce54bfa81,
        type: 3}
      propertyPath: m_LocalRotation.y
      value: 0.61599356
      objectReference: {fileID: 0}
    - target: {fileID: -8679921383154817045, guid: 1c211afe4b8992948888090ce54bfa81,
        type: 3}
      propertyPath: m_LocalRotation.z
      value: -0.1215468
      objectReference: {fileID: 0}
    - target: {fileID: -8679921383154817045, guid: 1c211afe4b8992948888090ce54bfa81,
        type: 3}
      propertyPath: m_LocalRotation.w
      value: 0.6389225
      objectReference: {fileID: 0}
    - target: {fileID: -8679921383154817045, guid: 1c211afe4b8992948888090ce54bfa81,
        type: 3}
      propertyPath: m_RootOrder
      value: 11
      objectReference: {fileID: 0}
    - target: {fileID: -8679921383154817045, guid: 1c211afe4b8992948888090ce54bfa81,
        type: 3}
      propertyPath: m_LocalEulerAnglesHint.x
      value: -24.722002
      objectReference: {fileID: 0}
    - target: {fileID: -8679921383154817045, guid: 1c211afe4b8992948888090ce54bfa81,
        type: 3}
      propertyPath: m_LocalEulerAnglesHint.y
      value: 99.762
      objectReference: {fileID: 0}
    - target: {fileID: -8679921383154817045, guid: 1c211afe4b8992948888090ce54bfa81,
        type: 3}
      propertyPath: m_LocalEulerAnglesHint.z
      value: -50.699
      objectReference: {fileID: 0}
    - target: {fileID: -7511558181221131132, guid: 1c211afe4b8992948888090ce54bfa81,
        type: 3}
      propertyPath: m_Materials.Array.data[0]
      value: 
      objectReference: {fileID: 2100000, guid: b5320c6a70e4cef4a87a502081d9f7fd, type: 2}
    - target: {fileID: 919132149155446097, guid: 1c211afe4b8992948888090ce54bfa81,
        type: 3}
      propertyPath: m_Name
      value: Epices (10)
      objectReference: {fileID: 0}
    m_RemovedComponents: []
  m_SourcePrefab: {fileID: 100100000, guid: 1c211afe4b8992948888090ce54bfa81, type: 3}
--- !u!4 &3990401920584532484 stripped
Transform:
  m_CorrespondingSourceObject: {fileID: -8679921383154817045, guid: 1c211afe4b8992948888090ce54bfa81,
    type: 3}
  m_PrefabInstance: {fileID: 3524761715290351087}
  m_PrefabAsset: {fileID: 0}
--- !u!1001 &3832968707892645810
PrefabInstance:
  m_ObjectHideFlags: 0
  serializedVersion: 2
  m_Modification:
    m_TransformParent: {fileID: 5698054592041297025}
    m_Modifications:
    - target: {fileID: -8679921383154817045, guid: 1c211afe4b8992948888090ce54bfa81,
        type: 3}
      propertyPath: m_LocalPosition.x
      value: 1.885
      objectReference: {fileID: 0}
    - target: {fileID: -8679921383154817045, guid: 1c211afe4b8992948888090ce54bfa81,
        type: 3}
      propertyPath: m_LocalPosition.y
      value: -4.2461
      objectReference: {fileID: 0}
    - target: {fileID: -8679921383154817045, guid: 1c211afe4b8992948888090ce54bfa81,
        type: 3}
      propertyPath: m_LocalPosition.z
      value: 4.021
      objectReference: {fileID: 0}
    - target: {fileID: -8679921383154817045, guid: 1c211afe4b8992948888090ce54bfa81,
        type: 3}
      propertyPath: m_LocalRotation.x
      value: -0
      objectReference: {fileID: 0}
    - target: {fileID: -8679921383154817045, guid: 1c211afe4b8992948888090ce54bfa81,
        type: 3}
      propertyPath: m_LocalRotation.y
      value: 0.6604127
      objectReference: {fileID: 0}
    - target: {fileID: -8679921383154817045, guid: 1c211afe4b8992948888090ce54bfa81,
        type: 3}
      propertyPath: m_LocalRotation.z
      value: -0
      objectReference: {fileID: 0}
    - target: {fileID: -8679921383154817045, guid: 1c211afe4b8992948888090ce54bfa81,
        type: 3}
      propertyPath: m_LocalRotation.w
      value: 0.7509028
      objectReference: {fileID: 0}
    - target: {fileID: -8679921383154817045, guid: 1c211afe4b8992948888090ce54bfa81,
        type: 3}
      propertyPath: m_RootOrder
      value: 3
      objectReference: {fileID: 0}
    - target: {fileID: -8679921383154817045, guid: 1c211afe4b8992948888090ce54bfa81,
        type: 3}
      propertyPath: m_LocalEulerAnglesHint.x
      value: 0
      objectReference: {fileID: 0}
    - target: {fileID: -8679921383154817045, guid: 1c211afe4b8992948888090ce54bfa81,
        type: 3}
      propertyPath: m_LocalEulerAnglesHint.y
      value: 82.663
      objectReference: {fileID: 0}
    - target: {fileID: -8679921383154817045, guid: 1c211afe4b8992948888090ce54bfa81,
        type: 3}
      propertyPath: m_LocalEulerAnglesHint.z
      value: 0
      objectReference: {fileID: 0}
    - target: {fileID: -7511558181221131132, guid: 1c211afe4b8992948888090ce54bfa81,
        type: 3}
      propertyPath: m_Materials.Array.data[0]
      value: 
      objectReference: {fileID: 2100000, guid: 63bf3aaa9a514c24ebb5ee926d6aa77d, type: 2}
    - target: {fileID: 919132149155446097, guid: 1c211afe4b8992948888090ce54bfa81,
        type: 3}
      propertyPath: m_Name
      value: Epices (2)
      objectReference: {fileID: 0}
    m_RemovedComponents: []
  m_SourcePrefab: {fileID: 100100000, guid: 1c211afe4b8992948888090ce54bfa81, type: 3}
--- !u!4 &3655737375379449945 stripped
Transform:
  m_CorrespondingSourceObject: {fileID: -8679921383154817045, guid: 1c211afe4b8992948888090ce54bfa81,
    type: 3}
  m_PrefabInstance: {fileID: 3832968707892645810}
  m_PrefabAsset: {fileID: 0}
--- !u!1001 &4121206175675478919
PrefabInstance:
  m_ObjectHideFlags: 0
  serializedVersion: 2
  m_Modification:
    m_TransformParent: {fileID: 5698054592041297025}
    m_Modifications:
    - target: {fileID: -8679921383154817045, guid: 5a3d161920f879642b7a1b5a8f8bdcd4,
        type: 3}
      propertyPath: m_LocalPosition.x
      value: 1.7771086
      objectReference: {fileID: 0}
    - target: {fileID: -8679921383154817045, guid: 5a3d161920f879642b7a1b5a8f8bdcd4,
        type: 3}
      propertyPath: m_LocalPosition.y
      value: -4.9281335
      objectReference: {fileID: 0}
    - target: {fileID: -8679921383154817045, guid: 5a3d161920f879642b7a1b5a8f8bdcd4,
        type: 3}
      propertyPath: m_LocalPosition.z
      value: 4.0116234
      objectReference: {fileID: 0}
    - target: {fileID: -8679921383154817045, guid: 5a3d161920f879642b7a1b5a8f8bdcd4,
        type: 3}
      propertyPath: m_LocalRotation.x
      value: -0
      objectReference: {fileID: 0}
    - target: {fileID: -8679921383154817045, guid: 5a3d161920f879642b7a1b5a8f8bdcd4,
        type: 3}
      propertyPath: m_LocalRotation.y
      value: 0.990483
      objectReference: {fileID: 0}
    - target: {fileID: -8679921383154817045, guid: 5a3d161920f879642b7a1b5a8f8bdcd4,
        type: 3}
      propertyPath: m_LocalRotation.z
      value: -0
      objectReference: {fileID: 0}
    - target: {fileID: -8679921383154817045, guid: 5a3d161920f879642b7a1b5a8f8bdcd4,
        type: 3}
      propertyPath: m_LocalRotation.w
      value: 0.13763528
      objectReference: {fileID: 0}
    - target: {fileID: -8679921383154817045, guid: 5a3d161920f879642b7a1b5a8f8bdcd4,
        type: 3}
      propertyPath: m_RootOrder
      value: 0
      objectReference: {fileID: 0}
    - target: {fileID: -8679921383154817045, guid: 5a3d161920f879642b7a1b5a8f8bdcd4,
        type: 3}
      propertyPath: m_LocalEulerAnglesHint.x
      value: 0
      objectReference: {fileID: 0}
    - target: {fileID: -8679921383154817045, guid: 5a3d161920f879642b7a1b5a8f8bdcd4,
        type: 3}
      propertyPath: m_LocalEulerAnglesHint.y
      value: 142.473
      objectReference: {fileID: 0}
    - target: {fileID: -8679921383154817045, guid: 5a3d161920f879642b7a1b5a8f8bdcd4,
        type: 3}
      propertyPath: m_LocalEulerAnglesHint.z
      value: 0
      objectReference: {fileID: 0}
    - target: {fileID: -8679921383154817045, guid: 5a3d161920f879642b7a1b5a8f8bdcd4,
        type: 3}
      propertyPath: m_LocalScale.x
      value: 1
      objectReference: {fileID: 0}
    - target: {fileID: -8679921383154817045, guid: 5a3d161920f879642b7a1b5a8f8bdcd4,
        type: 3}
      propertyPath: m_LocalScale.y
      value: 1
      objectReference: {fileID: 0}
    - target: {fileID: -8679921383154817045, guid: 5a3d161920f879642b7a1b5a8f8bdcd4,
        type: 3}
      propertyPath: m_LocalScale.z
      value: 1
      objectReference: {fileID: 0}
    - target: {fileID: -7511558181221131132, guid: 5a3d161920f879642b7a1b5a8f8bdcd4,
        type: 3}
      propertyPath: m_Materials.Array.data[0]
      value: 
      objectReference: {fileID: 2100000, guid: c709351f5ee61d2478645c48fcd07a81, type: 2}
    - target: {fileID: 919132149155446097, guid: 5a3d161920f879642b7a1b5a8f8bdcd4,
        type: 3}
      propertyPath: m_Name
      value: Porte_Epice
      objectReference: {fileID: 0}
    - target: {fileID: 919132149155446097, guid: 5a3d161920f879642b7a1b5a8f8bdcd4,
        type: 3}
      propertyPath: m_StaticEditorFlags
      value: 4294967295
      objectReference: {fileID: 0}
    m_RemovedComponents: []
  m_SourcePrefab: {fileID: 100100000, guid: 5a3d161920f879642b7a1b5a8f8bdcd4, type: 3}
--- !u!4 &4520433511134729324 stripped
Transform:
  m_CorrespondingSourceObject: {fileID: -8679921383154817045, guid: 5a3d161920f879642b7a1b5a8f8bdcd4,
    type: 3}
  m_PrefabInstance: {fileID: 4121206175675478919}
  m_PrefabAsset: {fileID: 0}
--- !u!1001 &4686753901793786217
PrefabInstance:
  m_ObjectHideFlags: 0
  serializedVersion: 2
  m_Modification:
    m_TransformParent: {fileID: 5698054592041297025}
    m_Modifications:
    - target: {fileID: -8679921383154817045, guid: 1c211afe4b8992948888090ce54bfa81,
        type: 3}
      propertyPath: m_LocalPosition.x
      value: 1.7728
      objectReference: {fileID: 0}
    - target: {fileID: -8679921383154817045, guid: 1c211afe4b8992948888090ce54bfa81,
        type: 3}
      propertyPath: m_LocalPosition.y
      value: -4.8541
      objectReference: {fileID: 0}
    - target: {fileID: -8679921383154817045, guid: 1c211afe4b8992948888090ce54bfa81,
        type: 3}
      propertyPath: m_LocalPosition.z
      value: 3.9936998
      objectReference: {fileID: 0}
    - target: {fileID: -8679921383154817045, guid: 1c211afe4b8992948888090ce54bfa81,
        type: 3}
      propertyPath: m_LocalRotation.x
      value: -0
      objectReference: {fileID: 0}
    - target: {fileID: -8679921383154817045, guid: 1c211afe4b8992948888090ce54bfa81,
        type: 3}
      propertyPath: m_LocalRotation.y
      value: 0.33099225
      objectReference: {fileID: 0}
    - target: {fileID: -8679921383154817045, guid: 1c211afe4b8992948888090ce54bfa81,
        type: 3}
      propertyPath: m_LocalRotation.z
      value: -0
      objectReference: {fileID: 0}
    - target: {fileID: -8679921383154817045, guid: 1c211afe4b8992948888090ce54bfa81,
        type: 3}
      propertyPath: m_LocalRotation.w
      value: 0.9436335
      objectReference: {fileID: 0}
    - target: {fileID: -8679921383154817045, guid: 1c211afe4b8992948888090ce54bfa81,
        type: 3}
      propertyPath: m_RootOrder
      value: 10
      objectReference: {fileID: 0}
    - target: {fileID: -8679921383154817045, guid: 1c211afe4b8992948888090ce54bfa81,
        type: 3}
      propertyPath: m_LocalEulerAnglesHint.x
      value: 0
      objectReference: {fileID: 0}
    - target: {fileID: -8679921383154817045, guid: 1c211afe4b8992948888090ce54bfa81,
        type: 3}
      propertyPath: m_LocalEulerAnglesHint.y
      value: 38.658
      objectReference: {fileID: 0}
    - target: {fileID: -8679921383154817045, guid: 1c211afe4b8992948888090ce54bfa81,
        type: 3}
      propertyPath: m_LocalEulerAnglesHint.z
      value: 0
      objectReference: {fileID: 0}
    - target: {fileID: -7511558181221131132, guid: 1c211afe4b8992948888090ce54bfa81,
        type: 3}
      propertyPath: m_Materials.Array.data[0]
      value: 
      objectReference: {fileID: 2100000, guid: b8ddaa75a961fc0488e4e04f0eef4d25, type: 2}
    - target: {fileID: 919132149155446097, guid: 1c211afe4b8992948888090ce54bfa81,
        type: 3}
      propertyPath: m_Name
      value: Epices (9)
      objectReference: {fileID: 0}
    m_RemovedComponents: []
  m_SourcePrefab: {fileID: 100100000, guid: 1c211afe4b8992948888090ce54bfa81, type: 3}
--- !u!4 &5080069909747424898 stripped
Transform:
  m_CorrespondingSourceObject: {fileID: -8679921383154817045, guid: 1c211afe4b8992948888090ce54bfa81,
    type: 3}
  m_PrefabInstance: {fileID: 4686753901793786217}
  m_PrefabAsset: {fileID: 0}
--- !u!1001 &4957117791420060200
PrefabInstance:
  m_ObjectHideFlags: 0
  serializedVersion: 2
  m_Modification:
    m_TransformParent: {fileID: 5698054592041297025}
    m_Modifications:
    - target: {fileID: -8679921383154817045, guid: 1c211afe4b8992948888090ce54bfa81,
        type: 3}
      propertyPath: m_LocalPosition.x
      value: 1.7621603
      objectReference: {fileID: 0}
    - target: {fileID: -8679921383154817045, guid: 1c211afe4b8992948888090ce54bfa81,
        type: 3}
      propertyPath: m_LocalPosition.y
      value: -4.242903
      objectReference: {fileID: 0}
    - target: {fileID: -8679921383154817045, guid: 1c211afe4b8992948888090ce54bfa81,
        type: 3}
      propertyPath: m_LocalPosition.z
      value: 3.9822295
      objectReference: {fileID: 0}
    - target: {fileID: -8679921383154817045, guid: 1c211afe4b8992948888090ce54bfa81,
        type: 3}
      propertyPath: m_LocalRotation.x
      value: 0.11586605
      objectReference: {fileID: 0}
    - target: {fileID: -8679921383154817045, guid: 1c211afe4b8992948888090ce54bfa81,
        type: 3}
      propertyPath: m_LocalRotation.y
      value: 0.6145225
      objectReference: {fileID: 0}
    - target: {fileID: -8679921383154817045, guid: 1c211afe4b8992948888090ce54bfa81,
        type: 3}
      propertyPath: m_LocalRotation.z
      value: -0.08195256
      objectReference: {fileID: 0}
    - target: {fileID: -8679921383154817045, guid: 1c211afe4b8992948888090ce54bfa81,
        type: 3}
      propertyPath: m_LocalRotation.w
      value: 0.77602893
      objectReference: {fileID: 0}
    - target: {fileID: -8679921383154817045, guid: 1c211afe4b8992948888090ce54bfa81,
        type: 3}
      propertyPath: m_RootOrder
      value: 2
      objectReference: {fileID: 0}
    - target: {fileID: -8679921383154817045, guid: 1c211afe4b8992948888090ce54bfa81,
        type: 3}
      propertyPath: m_LocalEulerAnglesHint.x
      value: 16.293001
      objectReference: {fileID: 0}
    - target: {fileID: -8679921383154817045, guid: 1c211afe4b8992948888090ce54bfa81,
        type: 3}
      propertyPath: m_LocalEulerAnglesHint.y
      value: 76.880005
      objectReference: {fileID: 0}
    - target: {fileID: -8679921383154817045, guid: 1c211afe4b8992948888090ce54bfa81,
        type: 3}
      propertyPath: m_LocalEulerAnglesHint.z
      value: 0.90800005
      objectReference: {fileID: 0}
    - target: {fileID: -7511558181221131132, guid: 1c211afe4b8992948888090ce54bfa81,
        type: 3}
      propertyPath: m_Materials.Array.data[0]
      value: 
      objectReference: {fileID: 2100000, guid: d1056c21aaaa0274788f99546a2569b9, type: 2}
    - target: {fileID: 919132149155446097, guid: 1c211afe4b8992948888090ce54bfa81,
        type: 3}
      propertyPath: m_Name
      value: Epices (1)
      objectReference: {fileID: 0}
    m_RemovedComponents: []
  m_SourcePrefab: {fileID: 100100000, guid: 1c211afe4b8992948888090ce54bfa81, type: 3}
--- !u!4 &4846296663328945603 stripped
Transform:
  m_CorrespondingSourceObject: {fileID: -8679921383154817045, guid: 1c211afe4b8992948888090ce54bfa81,
    type: 3}
  m_PrefabInstance: {fileID: 4957117791420060200}
  m_PrefabAsset: {fileID: 0}
--- !u!1001 &5932505154400990900
PrefabInstance:
  m_ObjectHideFlags: 0
  serializedVersion: 2
  m_Modification:
    m_TransformParent: {fileID: 5698054592041297025}
    m_Modifications:
    - target: {fileID: -8679921383154817045, guid: 1c211afe4b8992948888090ce54bfa81,
        type: 3}
      propertyPath: m_LocalPosition.x
      value: 1.8838999
      objectReference: {fileID: 0}
    - target: {fileID: -8679921383154817045, guid: 1c211afe4b8992948888090ce54bfa81,
        type: 3}
      propertyPath: m_LocalPosition.y
      value: -4.5698
      objectReference: {fileID: 0}
    - target: {fileID: -8679921383154817045, guid: 1c211afe4b8992948888090ce54bfa81,
        type: 3}
      propertyPath: m_LocalPosition.z
      value: 4.0197997
      objectReference: {fileID: 0}
    - target: {fileID: -8679921383154817045, guid: 1c211afe4b8992948888090ce54bfa81,
        type: 3}
      propertyPath: m_LocalRotation.x
      value: -0
      objectReference: {fileID: 0}
    - target: {fileID: -8679921383154817045, guid: 1c211afe4b8992948888090ce54bfa81,
        type: 3}
      propertyPath: m_LocalRotation.y
      value: 0.6200403
      objectReference: {fileID: 0}
    - target: {fileID: -8679921383154817045, guid: 1c211afe4b8992948888090ce54bfa81,
        type: 3}
      propertyPath: m_LocalRotation.z
      value: -0
      objectReference: {fileID: 0}
    - target: {fileID: -8679921383154817045, guid: 1c211afe4b8992948888090ce54bfa81,
        type: 3}
      propertyPath: m_LocalRotation.w
      value: 0.78457
      objectReference: {fileID: 0}
    - target: {fileID: -8679921383154817045, guid: 1c211afe4b8992948888090ce54bfa81,
        type: 3}
      propertyPath: m_RootOrder
      value: 8
      objectReference: {fileID: 0}
    - target: {fileID: -8679921383154817045, guid: 1c211afe4b8992948888090ce54bfa81,
        type: 3}
      propertyPath: m_LocalEulerAnglesHint.x
      value: 0
      objectReference: {fileID: 0}
    - target: {fileID: -8679921383154817045, guid: 1c211afe4b8992948888090ce54bfa81,
        type: 3}
      propertyPath: m_LocalEulerAnglesHint.y
      value: 76.638
      objectReference: {fileID: 0}
    - target: {fileID: -8679921383154817045, guid: 1c211afe4b8992948888090ce54bfa81,
        type: 3}
      propertyPath: m_LocalEulerAnglesHint.z
      value: 0
      objectReference: {fileID: 0}
    - target: {fileID: -7511558181221131132, guid: 1c211afe4b8992948888090ce54bfa81,
        type: 3}
      propertyPath: m_Materials.Array.data[0]
      value: 
      objectReference: {fileID: 2100000, guid: b8ddaa75a961fc0488e4e04f0eef4d25, type: 2}
    - target: {fileID: 919132149155446097, guid: 1c211afe4b8992948888090ce54bfa81,
        type: 3}
      propertyPath: m_Name
      value: Epices (7)
      objectReference: {fileID: 0}
    m_RemovedComponents: []
  m_SourcePrefab: {fileID: 100100000, guid: 1c211afe4b8992948888090ce54bfa81, type: 3}
--- !u!4 &6187602277378019679 stripped
Transform:
  m_CorrespondingSourceObject: {fileID: -8679921383154817045, guid: 1c211afe4b8992948888090ce54bfa81,
    type: 3}
  m_PrefabInstance: {fileID: 5932505154400990900}
  m_PrefabAsset: {fileID: 0}
--- !u!1001 &6470927886594139873
PrefabInstance:
  m_ObjectHideFlags: 0
  serializedVersion: 2
  m_Modification:
    m_TransformParent: {fileID: 5698054592041297025}
    m_Modifications:
    - target: {fileID: -8679921383154817045, guid: 1c211afe4b8992948888090ce54bfa81,
        type: 3}
      propertyPath: m_LocalPosition.x
      value: 1.6724001
      objectReference: {fileID: 0}
    - target: {fileID: -8679921383154817045, guid: 1c211afe4b8992948888090ce54bfa81,
        type: 3}
      propertyPath: m_LocalPosition.y
      value: -4.8541
      objectReference: {fileID: 0}
    - target: {fileID: -8679921383154817045, guid: 1c211afe4b8992948888090ce54bfa81,
        type: 3}
      propertyPath: m_LocalPosition.z
      value: 3.9624
      objectReference: {fileID: 0}
    - target: {fileID: -8679921383154817045, guid: 1c211afe4b8992948888090ce54bfa81,
        type: 3}
      propertyPath: m_LocalRotation.x
      value: -0
      objectReference: {fileID: 0}
    - target: {fileID: -8679921383154817045, guid: 1c211afe4b8992948888090ce54bfa81,
        type: 3}
      propertyPath: m_LocalRotation.y
      value: 0.630115
      objectReference: {fileID: 0}
    - target: {fileID: -8679921383154817045, guid: 1c211afe4b8992948888090ce54bfa81,
        type: 3}
      propertyPath: m_LocalRotation.z
      value: -0
      objectReference: {fileID: 0}
    - target: {fileID: -8679921383154817045, guid: 1c211afe4b8992948888090ce54bfa81,
        type: 3}
      propertyPath: m_LocalRotation.w
      value: 0.77650183
      objectReference: {fileID: 0}
    - target: {fileID: -8679921383154817045, guid: 1c211afe4b8992948888090ce54bfa81,
        type: 3}
      propertyPath: m_RootOrder
      value: 9
      objectReference: {fileID: 0}
    - target: {fileID: -8679921383154817045, guid: 1c211afe4b8992948888090ce54bfa81,
        type: 3}
      propertyPath: m_LocalEulerAnglesHint.x
      value: 0
      objectReference: {fileID: 0}
    - target: {fileID: -8679921383154817045, guid: 1c211afe4b8992948888090ce54bfa81,
        type: 3}
      propertyPath: m_LocalEulerAnglesHint.y
      value: 78.117004
      objectReference: {fileID: 0}
    - target: {fileID: -8679921383154817045, guid: 1c211afe4b8992948888090ce54bfa81,
        type: 3}
      propertyPath: m_LocalEulerAnglesHint.z
      value: 0
      objectReference: {fileID: 0}
    - target: {fileID: -7511558181221131132, guid: 1c211afe4b8992948888090ce54bfa81,
        type: 3}
      propertyPath: m_Materials.Array.data[0]
      value: 
      objectReference: {fileID: 2100000, guid: eab601f096b4c904fb9900ed2a21215f, type: 2}
    - target: {fileID: 919132149155446097, guid: 1c211afe4b8992948888090ce54bfa81,
        type: 3}
      propertyPath: m_Name
      value: Epices (8)
      objectReference: {fileID: 0}
    m_RemovedComponents: []
  m_SourcePrefab: {fileID: 100100000, guid: 1c211afe4b8992948888090ce54bfa81, type: 3}
--- !u!4 &6793649103942287626 stripped
Transform:
  m_CorrespondingSourceObject: {fileID: -8679921383154817045, guid: 1c211afe4b8992948888090ce54bfa81,
    type: 3}
  m_PrefabInstance: {fileID: 6470927886594139873}
  m_PrefabAsset: {fileID: 0}
